AoeStats
← Cyrene

Black Forest

510813131Analyzed
2v2 RM · 9h ago on Oct 2, 2026· 64m 2s· 4 players
Game mode
Random Map
Map size
Medium (4 player)
Population
200
Speed
Normal
Resources
Standard
Victory
Conquest
Starting age
Dark Age
Ending age
Imperial Age
RankedLock teamsTeams togetherTeam positionsShared explorationLock speedFull tech treeHidden civsTurbo modeCheats
Victory
Defeat
🇩🇪 Celts · Germany
1128
+27
🇹🇷 Vietnamese · Türkiye
1085
+34
🇳🇴 Armenians · Norway
1052
-13
🇳🇴 Bohemians · Norway
1052
-14
Heartbreaker
12:02 Feudal Age
12:09 Loom
12:43 Double-Bit Axe
16:20 Horse Collar
18:55 Fletching
19:05 Padded Archer Armor
25:22 Castle Age
26:32 Bodkin Arrow
26:53 Leather Archer Armor
27:32 Bow Saw
29:54 Elite Skirmisher
34:11 Ballistics
40:23 Imperial Age
40:28 Elite Rattan Archer
42:20 Ring Archer Armor
41:50 Bracer
42:55 Gold Mining
42:55 Stone Mining
46:37 Chemistry
45:17 Imperial Skirmisher
59:47 Thumb Ring
Cyrene
6:36 Loom
9:05 Feudal Age
9:20 Man-at-Arms
9:51 Double-Bit Axe
11:56 Arson
13:34 Horse Collar
20:17 Castle Age
18:30 Forging
21:23 Bow Saw
21:36 Heavy Plow
23:24 Fortified Wall
25:36 Wheelbarrow
27:39 Hand Cart
32:56 Imperial Age
31:12 Town Watch
31:28 Gold Mining
33:46 Scale Mail Armor
33:11 Heavy Scorpion
34:44 Iron Casting
34:41 Siege Engineers
34:24 Capped Ram
35:27 Ballistics
35:55 Chain Mail Armor
35:23 Siege Ram
37:15 Plate Mail Armor
37:54 Furor Celtica
38:05 Conscription
39:33 Blast Furnace
37:59 Onager
39:29 Siege Onager
41:53 Masonry
42:44 Chemistry
42:11 Fletching
41:44 Elite Woad Raider
46:43 Coinage
46:32 Caravan
46:44 Guilds
47:53 Bodkin Arrow
48:36 Hoardings
48:11 Town Patrol
51:29 Stronghold
57:49 Banking
MoarScoops
11:16 Feudal Age
12:16 Man-at-Arms
18:54 Double-Bit Axe
18:59 Horse Collar
23:28 Gold Mining
26:19 Castle Age
24:31 Scale Mail Armor
25:28 Forging
25:20 Long Swordsman
25:21 Pikeman
26:45 Arson
27:40 Bow Saw
28:08 Gold Shaft Mining
28:14 Heavy Plow
28:15 Stone Mining
30:16 Squires
30:02 Gambesons
38:32 Imperial Age
37:00 Two-Handed Swordsman
40:44 Imperial Age
39:38 Champion
41:10 Chain Mail Armor
42:37 Plate Mail Armor
43:49 Wheelbarrow
44:54 Conscription
44:49 Fereters
44:50 Cilician Fleet
44:05 Elite Composite Bowman
45:55 Chemistry
45:16 Ballistics
45:32 Fervor
45:42 Sanctity
45:35 Redemption
46:26 Fortified Wall
46:27 Masonry
46:30 Loom
46:32 Town Watch
47:41 Hand Cart
47:18 Town Watch
48:25 Block Printing
48:25 Padded Archer Armor
49:33 Hoardings
49:30 Fletching
49:55 Leather Archer Armor
55:02 Bodkin Arrow
55:37 Ring Archer Armor
56:17 Sappers
57:36 Bracer
58:12 Iron Casting
57:42 Scale Barding Armor
57:51 Town Patrol
58:38 Onager
ECH
1:02 Loom
11:40 Feudal Age
12:42 Double-Bit Axe
12:39 Horse Collar
14:24 Wheelbarrow
17:25 Arson
17:57 Fletching
18:37 Padded Archer Armor
24:37 Castle Age
23:00 Scale Mail Armor
24:09 Forging
27:25 Heavy Plow
31:49 Imperial Age
29:55 Bow Saw
30:40 Squires
33:26 Chemistry
35:20 Two-Man Saw
36:14 Wagenburg Tactics
36:30 Conscription
36:30 Leather Archer Armor
36:53 Bodkin Arrow
36:39 Pikeman
37:56 Bracer
40:26 Ring Archer Armor
40:17 Hand Cart
40:40 Elite Hussite Wagon
42:45 Houfnice
45:29 Halberdier
46:38 Caravan
47:47 Ballistics
47:25 Murder Holes
47:17 Arrowslits
54:13 Sappers
56:55 Husbandry
56:16 Light Cavalry
57:21 Scale Barding Armor
57:52 Iron Casting
63:21 Chain Barding Armor
Connection lost

Rejoining the realm…

Still unreachable

The connection could not be restored.

Session expired

The server has moved on; the page needs a fresh start.